Map: Terraform LE (Void)

Players

Kalevi - Winner!

  • Race: Terran Terran
  • League: Platinum

Keiras

  • Race: Zerg Zerg
  • League: Master

VOD

Have the link to the VOD?

Description

Time

  • Played on: Sept. 6, 2015, 8:13 a.m.
  • Length: 9:55
Show
View Real Time Build Order
Export as new Build Order

Kalevi Terran - Winner!

Build Orders:  

Get SALT Encoding   

  12  0:01  SCV  
  13  0:13  SCV  
  14  0:20  Supply Depot  
  14  0:25  SCV  
  15  0:41  SCV  
  15  0:42  Barracks  
  16  0:48  Refinery  
  16  0:52  Refinery  
  16  0:54  SCV  
  17  1:06  SCV  
  18  1:15  Barracks  
  18  1:22  SCV  
  19  1:29  Barracks Reactor  
  19  1:44  Orbital Command  
  19  2:01  Supply Depot  
  19  2:03  Barracks Reactor  
  19  2:08  Reaper x2  
  21  2:15  SCV  
  22  2:27  SCV  
  23  2:40  Reaper x3  
  23  2:41  Reaper  
  26  2:47  SCV  
  27  2:59  SCV  
  28  3:06  Command Center  
  28  3:12  Reaper  
  29  3:16  Reaper x2  
  29  3:18  Reaper  
  29  3:19  SCV  
  33  3:26  Factory  
  34  3:34  SCV  
  34  3:39  Supply Depot  
  34  3:46  Bunker  
  32  4:20  Marine x4  
  32  4:21  Starport  
  32  4:22  Factory Reactor  
  32  4:23  Factory Tech Lab  
  35  4:35  Orbital Command  
  35  4:37  SCV  
  36  4:42  Barracks  
  36  4:49  SCV  
  37  4:55  Stimpack  
  37  4:57  Widow Mine x2  
  41  5:01  SCV  
  41  5:02  Marine x3, Starport Reactor  
  45  5:07  SCV  
  45  5:11  Supply Depot  
  45  5:13  SCV  
  47  5:14  Engineering Bay  
  47  5:19  SCV  
  48  5:22  Engineering Bay  
  48  5:24  Marine x2  
  48  5:25  SCV  
  51  5:31  Widow Mine x2  
  53  5:53  Marine x2  
  53  5:54  Medivac x2, Marine x2  
  53  5:55  Terran Infantry Weapons Level 1  
  53  5:56  Terran Infantry Armor Level 1, Missile Turret  
  58  6:11  Marine  
  59  6:18  Marauder, Widow Mine x2  
  59  6:22  Barracks Tech Lab  
  59  6:24  Barracks  
  63  6:26  SCV  
  63  6:27  SCV  
  63  6:31  Supply Depot  
  65  6:36  Medivac  
  65  6:39  SCV x2  
  71  6:40  Marauder  
  71  6:52  Marine  
  71  6:53  Marauder  
  72  7:00  SCV x2  
  76  7:01  Marauder  
  76  7:02  Refinery  
  76  7:03  Refinery  
  76  7:04  Missile Turret  
  74  7:12  SCV x2  
  74  7:14  Marauder  
  75  7:23  Marauder  
  75  7:24  SCV  
  70  7:34  Marine x2  
  70  7:35  Marauder  
  74  7:37  Armory, Barracks Tech Lab  
  74  7:39  Medivac  
  74  7:42  SCV  
  79  7:44  Marauder  
  79  7:49  Concussive Shells  
  79  7:51  Marine  
  79  7:52  Marine  
  79  7:55  Command Center  
  79  7:56  Marine  
  80  8:05  Marine  
  79  8:09  Marine  
  74  8:22  Marine x3  
  74  8:23  Marine  
  78  8:37  Marine  
  78  8:40  Marine x4  
  83  8:42  Hellbat x2  
  83  8:45  SCV x2, Missile Turret  
  89  8:55  Marine  
  90  8:57  SCV x2  
  90  8:58  Marine  
  90  9:01  Marine x2  
  90  9:02  Marine  
  96  9:03  Hellbat x2  
  100  9:10  SCV x2  
  100  9:13  Marine  
  103  9:20  Missile Turret, Marauder x3  
  103  9:21  Missile Turret  
  103  9:22  SCV  
  110  9:25  Marine  
  110  9:31  Marine  
Show
View Real Time Build Order
Export as new Build Order

Keiras Zerg 

Build Orders: Hatch First 

Get SALT Encoding   

  12  0:01  Drone  
  13  0:10  Drone  
  14  0:18  Drone, Extractor  
  15  0:40  Hatchery  
  14  0:49  Extractor  
  13  0:50  Drone  
  15  1:00  Spawning Pool  
  14  1:05  Drone, Extractor  
  15  1:18  Overlord  
  15  1:33  Extractor  
  15  1:35  Drone, Extractor  
  15  1:37  Drone x2  
  17  1:46  Queen  
  19  1:53  Drone  
  20  1:58  Queen  
  20  2:00  Zergling x2  
  23  2:02  Drone  
  24  2:11  Drone x2  
  26  2:15  Overlord  
  26  2:25  Drone x2  
  28  2:33  Overlord  
  28  2:35  Drone  
  29  2:44  Metabolic Boost, Drone  
  29  2:47  Drone  
  29  2:50  Queen  
  32  2:57  Zergling x6  
  35  3:04  Queen  
  37  3:07  Drone  
  37  3:17  Drone x4  
  41  3:20  Drone  
  41  3:23  Drone  
  43  3:28  Overlord  
  43  3:32  Overlord  
  43  3:53  Zergling x10  
  43  3:54  Zergling x2  
  40  4:04  Zergling x2  
  40  4:05  Zergling x2  
  38  4:16  Zergling x12  
  38  4:22  Queen  
  38  4:24  Zergling x4  
  38  4:31  Zergling x2  
  41  4:35  Drone  
  42  4:41  Roach Warren  
  41  4:52  Drone x5  
  46  4:57  Drone  
  47  5:02  Baneling Nest  
  47  5:05  Drone x2  
  48  5:16  Overlord x2  
  52  5:21  Roach x3  
  54  5:29  Roach x3  
  53  5:48  Roach  
  53  5:49  Roach x7  
  65  6:04  Zergling x8  
  69  6:15  Roach  
  69  6:18  Zergling x8  
  73  6:19  Lair  
  73  6:23  Extractor  
  73  6:25  Zergling x2  
  75  6:45  Ravager  
  75  6:46  Ravager  
  76  6:54  Overlord x3  
  76  7:17  Overseer  
  66  7:30  Ravager  
  66  7:37  Drone x16  
  68  7:40  Extractor  
  68  7:41  Queen x2  
  68  7:42  Extractor  
  85  7:55  Hatchery  
  85  7:56  Baneling  
  85  7:57  Baneling x2  
  84  8:05  Roach x2  
  84  8:07  Zergling x8  
  75  8:24  Zergling x8  
  75  8:25  Zergling x2  
  72  8:30  Zergling x8  
  76  8:35  Centrifical Hooks  
  76  8:37  Zergling x2  
  76  8:40  Overseer  
  77  8:42  Baneling x2  
  77  8:44  Zergling x6  
  80  8:50  Zergling x2  
  80  8:51  Zergling x2  
  82  9:00  Hatchery  
  81  9:05  Zergling x8  
  81  9:08  Queen  
  87  9:17  Spire  
  87  9:24  Extractor  
  85  9:25  Zergling x22  
  85  9:26  Extractor  
Tags
 
Add a new tag
Caveats
  • Supply blocks, unpowered buildings, or Contaminate may cause inaccurate times.
  • Supply counts are checked every 10 seconds.